 Dungeon Crawl Stone Soup version 0.25-a0-667-gb977e01cb5 (webtiles) character file.

Game seed: 1483596506104548295, levelgen mode: deterministic

175 kae the Ruffian (level 5, -6/44 HPs)
             Began as a Naga Transmuter on Mar 27, 2020.
             Was a Follower of Wu Jian.
             Mangled by a gnoll
             ... wielding a +1 whip of electrocution
              (9 damage)
             ... on level 4 of the Dungeon.
             The game lasted 00:02:54 (3483 turns).

kae the Ruffian (Naga Transmuter)                   Turns: 3483, Time: 00:02:55

Health: -6/44      AC:  2    Str: 12    XL:     5   Next: 55%
Magic:  2/9        EV: 19    Int: 15    God:    Wu Jian [*.....]
Gold:   134        SH:  0    Dex: 16    Spells: 4/10 levels left

rFire    . . .     SeeInvis +     - Unarmed
rCold    . . .     Gourm    .   (shield currently unavailable)
rNeg     . . .     Faith    .   (armour currently unavailable)
rPois    x         Spirit   .   (helmet currently unavailable)
rElec    .         Reflect  .   (cloak currently unavailable)
rCorr    .         Harm     .   (gloves currently unavailable)
MR       .....                  (no barding)
Stlth    ++........             (no amulet)
HPRegen  0.14/turn              e - ring of stealth
MPRegen  0.11/turn              (no ring)

@: lethally poisoned (-6 -> -20), spider-form (expiring), very slightly
contaminated
A: tiny, see invisible, slow metabolism 1, spit poison 1, AC +1
a: Spit Poison, End Transformation, Renounce Religion


You were on level 4 of the Dungeon.
You worshipped Wu Jian.
Wu Jian was aware of your devotion.
You were not hungry.
You were a venomous arachnid creature.
You visited 1 branch of the dungeon, and saw 4 of its levels.

You collected 134 gold pieces.

Inventory:

Missiles
 a - 11 arrows
Armour
 b - a +0 robe (melded)
 h - a +0 buckler
 o - a scarf of repulsion
 r - a +0 cloak (melded)
 t - a +1 pair of gloves of strength (melded)
Jewellery
 e - a ring of stealth (left front leg)
 l - an uncursed amulet of the acrobat
Wands
 p - a wand of flame (16)
Scrolls
 i - a scroll of remove curse
 j - a scroll of identify
 q - 2 scrolls of magic mapping
Potions
 c - 4 potions of curing
 f - 2 potions of degeneration
 g - a potion of brilliance
 m - 2 potions of flight
 s - a potion of resistance {unknown}
 u - 2 potions of mutation {unknown}
Comestibles
 d - 7 rations


   Skills:
 - Level 1.0 Fighting
 - Level 1.5 Dodging
 * Level 4.8 Unarmed Combat
 + Level 3.0 Spellcasting
 + Level 3.2 Transmutations


You had 4 spell levels left.
You knew the following spells:

 Your Spells              Type           Power        Failure   Level  Hunger
a - Beastly Appendage     Tmut           ##....       16%         1    #......
b - Sticks to Snakes      Tmut           ##......     21%         2    ##.....
c - Spider Form           Tmut/Pois      #.........   52%         3    ###....

Your spell library contained the following spells:

 Spells                   Type           Power        Failure   Level  Hunger
 Ice Form                 Ice/Tmut       #.......     87%         4    #####..
 Blade Hands              Tmut           ##........   93%         5    ######.


Dungeon Overview and Level Annotations

Branches:
Dungeon (4/15)
 Temple: D:4-7

Altars:
Cheibriados
Ru
Uskayaw
Wu Jian
The Shining One


Innate Abilities, Weirdness & Mutations

You cannot wear boots.
((Your serpentine skin is tough. (AC +1)))
You have supernaturally acute eyesight. (SInv)
((Armour fits poorly on your strangely shaped body.))
((Your system is resistant to poisons. (rPois)))
((You cover ground very slowly.))
You have a slow metabolism.
You can spit poison.


Message History

The Council accepts your kill.
Your Spellcasting skill increases to level 3!
Your transformation is almost over.
You feel sick. The gnoll misses you.
The gnoll hits you from afar with a +0 halberd!
* * * LOW HITPOINT WARNING * * *
The gnoll completely misses you.
There is an open door here.
You see here a gnoll corpse.
You barely miss the gnoll.
* * * LOW HITPOINT WARNING * * *
You feel sick. The gnoll hits you with a +0 spear.
* * * LOW HITPOINT WARNING * * *
The orc wizard gestures wildly while chanting.
The orc wizard flickers and vanishes for a moment.
The gnoll barely misses you.
The gnoll hits you with a +1 whip of electrocution.
* * * LOW HITPOINT WARNING * * *
You are electrocuted!
You die... .....# .≈..# .≈≈.# .≈≈# #.≈#### og...

#gg#
#######s################
.#......)....#...........
.............#...........
#............#...........
#.........(..#...........
#.######'#####...........
#.#...............
#.#....#########'#
#(#....# #.#


You could see an orc wizard (invisible) and 3 gnolls.

Vanquished Creatures
  2 worker ants (D:4)
  A hound skeleton (D:4)
  A gnoll (D:4)
  3 adders
  An ooze (D:3)
  A worm (D:2)
  5 dart slugs
  4 leopard geckos
  3 orcs
  7 bats
  2 giant cockroaches
  8 goblins
  5 hobgoblins
  A quokka (D:2)
  A ball python (D:1)
  5 frilled lizards
  6 kobolds
  6 rats
62 creatures vanquished.

Notes
Turn   | Place    | Note
-------+----------+-------------------------------------------
     0 | D:1      | kae the Naga Transmuter began the quest for the Orb.
     0 | D:1      | Reached XP level 1. HP: 18/18 MP: 3/3
   148 | D:1      | Reached XP level 2. HP: 19/25 MP: 3/5
  1025 | D:2      | Reached XP level 3. HP: 31/31 MP: 4/6
  1229 | D:2      | Found a snail-covered altar of Cheibriados.
  1230 | D:2      | Found a hide-covered altar of Uskayaw.
  1230 | D:2      | Found an ornate altar of the Wu Jian Council.
  1233 | D:2      | Found a faded altar of an unknown god.
  1253 | D:2      | Found a sacrificial altar of Ru.
  1257 | D:2      | Learned a level 2 spell: Sticks to Snakes
  1261 | D:2      | Learned a level 3 spell: Spider Form
  1270 | D:2      | Became a worshipper of the Wu Jian Council
  1748 | D:2      | Reached skill level 4 in Unarmed Combat
  2141 | D:2      | Reached XP level 4. HP: 37/38 MP: 5/7
  2523 | D:3      | Reached * piety under Wu Jian
  3075 | D:3      | Found a glowing golden altar of the Shining One.
  3183 | D:4      | Reached XP level 5. HP: 31/44 MP: 5/9
  3483 | D:4      | Mangled by a gnoll

Levels and vault maps discovered:
D:1:      tarquinn_simple_flora_water_a, layout_basic
D:2:      layout_basic, chequers_temple_overflow_statue_of_worship,
          chequers_ecumenical_altar_grove, grunt_decor_fettered,
          minmay_goblin_kobold_house
D:3:      layout_rooms, nicolae_tso_swordbearing_angel
D:4:      layout_basic, minmay_misc_feat_cross, chequers_serial_rivers_small_b

Skill      XL: |  1  2  3  4  5 |
---------------+----------------+-----
Unarmed Combat | 4 |  4.8
Transmutations | 3 |  3.2
Spellcasting   | 3 |  3.0
Fighting       | |  1.0
Dodging        | |  1.5

Action                   |  1- 3 |  4- 6 || total
-------------------------+-------+-------++-------
Melee: Unarmed           |   106 |    93 ||   199
       Headbutt          |     9 |     2 ||    11
       Punch             |     2 |     1 ||     3
 Cast: Beastly Appendage |    16 |     2 ||    18
       Spider Form       |     1 |     8 ||     9
       Sticks to Snakes  |     1 |       ||     1
Invok: Lunge             |     1 |     6 ||     7
 Abil: Spit Poison       |    10 |       ||    10
  Use: Potion            |     2 |       ||     2
       Scroll            |     1 |     7 ||     8
 Stab: Sleeping          |     1 |     4 ||     5
  Eat: Chunk             |     2 |     4 ||     6
       Ration            |       |     1 ||     1
Armor: Robe              |    16 |    12 ||    28
       Skin              |     1 |       ||     1
Dodge: Dodged            |    74 |    82 ||   156

Table legend:
 A = Non-vault XP
 B = Vault XP
 C = Vault XP percentage of total XP
 D = Non-vault monster count
 E = Vault monster count
 F = Vault count percentage of total count
                 A         B        C        D         E       F
            +---------+---------+-------+---------+---------+-------
      Total |     241 |      10 |   4.0 |      57 |       5 |   8.1
            +---------+---------+-------+---------+---------+-------
        D:1 |      30 |       0 |   0.0 |      18 |       0 |   0.0
        D:2 |      47 |      10 |  17.5 |      11 |       5 |  31.2
        D:3 |      56 |       0 |   0.0 |      21 |       0 |   0.0
        D:4 |     108 |       0 |   0.0 |       7 |       0 |   0.0
            +---------+---------+-------+---------+---------+-------
